 Dungeon Crawl Stone Soup version 0.31-a0-977-gc230f8ef24 (webtiles) character file.

Game seed: 8674198854951387449

67 Spaninq the Slasher (level 3, -10/33 HPs)
             Began as a Draconian Chaos Knight on Oct 29, 2023.
             Was a Plaything of Xom.
             Mangled by a komodo dragon (shapeshifter) (11 damage)
             ... on level 2 of the Dungeon.
             The game lasted 00:04:24 (808 turns).

Spaninq the Slasher (Draconian Chaos Knight)         Turns: 808, Time: 00:04:25

Health: -10/33     AC:  6    Str: 13 (14) XL:     3   Next: 98%
Magic:  3/3        EV: 12    Int: 12      God:    Xom [...*..]
Gold:   77         SH:  0    Dex: 12      Spells: 2/2 levels left

rFire   . . .        a - +0 falchion (chaos)
rCold   . . .        (no shield)
rNeg    . . .        (body armour unavailable)
rPois   .            (helmet restricted)
rElec   .            k - +0 cloak
rCorr   +            (no gloves)
SInv    .            (no boots)
Will    .....        (no amulet)
Stlth   +            f - ring of resist corrosion
HPRegen 0.25/turn    (no ring)
MPRegen 0.08/turn

%: no passive effects
@: no status effects
A: AC +5, unfitting armour, cold-blooded
a: Renounce Religion


You were on level 2 of the Dungeon.
You worshipped Xom.
You were a favourite toy of Xom.
You visited 1 branch of the dungeon, and saw 2 of its levels.

You collected 77 gold pieces.

Inventory:

Hand Weapons
 a - a +0 falchion of chaos (weapon)
Armour
 k - a +0 cloak (worn)
Jewellery
 f - a ring of resist corrosion (left hand)
 l - a ring of see invisible
Scrolls
 b - a scroll of butterflies
 c - a scroll of poison {unknown}
 e - a scroll of immolation {unknown}
 h - 2 scrolls of teleportation {unknown}
 i - a scroll of acquirement {unknown}


   Skills:
 + Level 3.9 Fighting
 * Level 4.0 Long Blades
 + Level 2.7 Dodging


You had 2 spell levels left.
You didn't know any spells.
Your spell library contained the following spells:

 Spells                   Type           Power      Damage    Failure   Level
 Lesser Beckoning         Tloc           0%         N/A       45%         2
 Gell's Gravitas          Tloc           0%         N/A       69%         3
 Teleport Other           Tloc           0%         N/A       69%         3


Dungeon Overview and Level Annotations

Branches:
Dungeon (2/15)

Altars:


Innate Abilities, Weirdness & Mutations

Your plain brown scales are hard. (AC +5)
You cannot fit into any form of body armour.
You are cold-blooded and may be slowed by cold attacks.


Message History

Xom opens a gate.
You are now a favourite toy of Xom.
You hear Xom's avuncular chuckle.
Your shadow imp evaporates and reforms as a cerulean imp!
Your cerulean imp hits the komodo dragon but does no damage.
Your cerulean imp hits the komodo dragon but does no damage.
Your cerulean imp hits the komodo dragon but does no damage.
Your cerulean imp barely misses the komodo dragon.
You see here a scroll labelled WIOTES PUESTRIS.
h - 2 scrolls labelled WIOTES PUESTRIS (gained 1) It was a potion of resistance.
You feel protected.
Xom thinks this is hilarious!
It was a potion of cancellation.
Your magical effects are unravelling.
You feel magically purged.
Xom thinks this is hilarious!
Your resistance to elements expires.
Your cerulean imp closely misses the komodo dragon.
It was a potion of curing.
You feel better.
You hit the komodo dragon but do no damage.
The komodo dragon bites you but does no damage.
Your cerulean imp hits the komodo dragon but does no damage.
You hit the komodo dragon. You tail-slap the komodo dragon.
The komodo dragon is lightly wounded.
The komodo dragon bites you but does no damage.
Your cerulean imp hits the komodo dragon but does no damage.
The komodo dragon bites you!
Ouch! That really hurt!
You barely miss the komodo dragon.
The komodo dragon is lightly wounded.
Your cerulean imp hits the komodo dragon but does no damage.
The komodo dragon bites you!
* * * LOW HITPOINT WARNING * * *
Xom thinks this is hilarious!
You barely miss the komodo dragon.
The komodo dragon is lightly wounded.
Your cerulean imp hits the komodo dragon but does no damage.
The komodo dragon bites you!
You die...
Xom chuckles heartily!

###..........#.##
###...........#
##....#.....#
#...##..##..>#####
#.#####..##..>...####
# #.
##..###.......####.
#### #
##5####..#........
...#
#.l.###...#......
#...#
###@.............
.......
#....####..#####
......> ####.# ##..#
....... #.# ##.####
..!.... #.# #....####
.......
#.#########....#
...##..
.##............#.#
...............# #
#####.........#


You could see a komodo dragon shaped shifter (ally target) and a friendly
cerulean imp (summoned).

Vanquished Creatures
  Jessica (D:2)
  An adder (D:2)
  2 dart slugs (D:1)
  A ball python (D:1)
  5 endoplasms
  2 giant cockroaches (D:1)
  3 hobgoblins (D:1)
  2 kobolds (D:1)
  A quokka (D:1)
  4 bats (D:1)
  A frilled lizard (D:1)
  A goblin (D:1)
  2 rats (D:1)
26 creatures vanquished.

Notes
Turn   | Place    | Note
-------+----------+-------------------------------------------
     0 | D:1      | Spaninq the Draconian Chaos Knight began the quest for the
                  | Orb.
     0 | D:1      | Reached XP level 1. HP: 19/19 MP: 1/1
    90 | D:1      | XOM: silly message
   132 | D:1      | Reached XP level 2. HP: 26/26 MP: 2/2
   237 | D:1      | XOM: silly message
   580 | D:2      | Noticed Jessica
   586 | D:2      | XOM: potion effect (might)
   587 | D:2      | XOM: potion effect (brilliance)
   588 | D:2      | XOM: summons 2 hostile demons
   589 | D:2      | Noticed a crimson imp
   593 | D:2      | Killed Jessica
   594 | D:2      | Reached XP level 3. HP: 17/33 MP: 3/3
   702 | D:2      | Reached skill level 4 in Long Blades
   770 | D:2      | a quokka changed into a shapeshifter
   770 | D:2      | Noticed a shapeshifter (shapeshifter)
   770 | D:2      | XOM: polymorph quokka -> shapeshifter
   770 | D:2      | a shapeshifter changed into a black mamba
   770 | D:2      | Noticed a black mamba (shapeshifter)
   771 | D:2      | a black mamba changed into a komodo dragon
   771 | D:2      | Noticed a komodo dragon (shapeshifter)
   781 | D:2      | XOM: stat loss: -1 Str (13/14)
   788 | D:2      | XOM: summons friendly shadow imp
   792 | D:2      | XOM: polymorph shadow imp -> cerulean imp
   807 | D:2      | HP: 1/33 [komodo dragon (shapeshifter) (16)]
   808 | D:2      | Mangled by a komodo dragon (shapeshifter)

Illustrated notes

Levels and vault maps discovered:
D:1:      tarquinn_simple_flora_water_d, layout_rooms
D:2:      layout_rooms, basic_altar, uniq_jessica

Skill      XL: |  1  2  3 |
---------------+----------+-----
Long Blades    | 4 |  4.0
Fighting       | |  3.9
Dodging        | |  2.7

Action                     || total
---------------------------++-------
  Melee: Falchion          ||    82
         Tailslap          ||     6
         Punch             ||     1
    Use: Potion            ||     4
 Armour: Skin              ||    62
  Dodge: Dodged            ||    53

Table legend: (Time is in decaauts)
 A = Elapsed time spent in this place.
 B = Non-inter-level travel time spent in this place.
 C = Inter-level travel time spent in this place.
 D = Time resting spent in this place.
 E = Time spent auto-exploring this place.
 F = Levels seen in this place.
 G = Mean time per level.
                   A        B        C        D        E       F      G
               +--------+--------+--------+--------+--------+-----+--------+
         Total |    820 |    799 |     21 |      0 |    494 |   2 |  410.0 |
       Dungeon |    820 |    799 |     21 |      0 |    494 |   2 |  410.0 |
               +--------+--------+--------+--------+--------+-----+--------+

Top non-repeatable levels by time:
     D:1: 551 daAuts
     D:2: 269 daAuts
